 Dungeon Crawl Stone Soup version 0.29.1-2-gbd0b4ee654 (webtiles) character file.

Game seed: 10976908834571832919

158 qeuew the Firebug (level 5, 0/46 HPs)
             Began as a Draconian Cinder Acolyte on Nov 6, 2022.
             Was a High Priest of Ignis.
             Slain by an ogre
             ... wielding a +0 giant spiked club
              (14 damage)
             ... on level 4 of the Dungeon.
             The game lasted 00:05:39 (2839 turns).

qeuew the Firebug (Draconian Cinder Acolyte)        Turns: 2839, Time: 00:05:39

Health: 0/46       AC:  7    Str: 24    XL:     5   Next: 16%
Magic:  9/9        EV: 11    Int: 14    God:    Ignis [*****.]
Gold:   135        SH:  0    Dex:  3    Spells: 8/10 levels left

rFire   + + .      SeeInvis +   a - -1 hand axe (flame)
rCold   + . .      Faith    .   (no shield)
rNeg    . . .      Spirit   .   (body armour unavailable)
rPois   .          Reflect  .   (helmet restricted)
rElec   .          Harm     .   f - +0 cloak
rCorr   .          Rampage  .   d - +0 pair of gloves
Will    .....                   (no boots)
Stlth   +.........              (no amulet)
HPRegen 0.15/turn               j - ring of Lakosate {rF+ rC+ Str+6 Dex-4 SInv}
MPRegen 0.11/turn               (no ring)

@: lethally poisoned (0 -> -3)
A: AC +5, unfitting armour, cold-blooded, beak, horns 1
a: Renounce Religion, Fiery Armour, Foxfire Swarm


You were on level 4 of the Dungeon.
You worshipped Ignis.
Ignis was extremely pleased with you.
You visited 1 branch of the dungeon, and saw 6 of its levels.

You collected 135 gold pieces.

Inventory:

Hand Weapons
 a - a -1 hand axe of flaming (weapon)
Armour
 d - a +0 pair of gloves (worn)
 f - a +0 cloak (worn)
Jewellery
 j - the ring of Lakosate (left hand) {rF+ rC+ Str+6 Dex-4 SInv}
   (You found it on level 2 of the Dungeon)

   [ring of protection from cold]

   Str:       It affects your strength (+6).
   Dex:       It affects your dexterity (-4).
   rF:        It protects you from fire.
   rC:        It protects you from cold.
   SInv:      It lets you see invisible.
Scrolls
 g - a scroll of enchant armour {unknown}
 h - a scroll of teleportation
 i - a scroll of amnesia
 k - a scroll of vulnerability {unknown}
Potions
 b - a potion of haste
 c - 2 potions of attraction
 e - a potion of berserk rage {unknown}


   Skills:
 + Level 3.7 Fighting
 + Level 3.5 Axes
 + Level 0.6 Dodging
 + Level 0.5 Stealth
 * Level 3.1 Spellcasting
 + Level 3.8 Fire Magic


You had 8 spell levels left.
You knew the following spells:

 Your Spells              Type           Power      Damage    Failure   Level
a - Scorch                Fire           24%        2d6       7%          2

Your spell library contained the following spells:

 Spells                   Type           Power      Damage    Failure   Level


Dungeon Overview and Level Annotations

Branches:
Dungeon (5/15)
 Temple: D:4-7

Altars:
Kikubaaqudgha
Yredelemnul

Shops:
D:1 *


Innate Abilities, Weirdness & Mutations

Your plain brown scales are hard. (AC +5)
You cannot fit into any form of body armour.
You are cold-blooded and may be slowed by cold attacks.
You have a beak for a mouth.
You have a pair of small horns on your head.


Message History

You begin to rise into the air.
The iguana barely misses you.
You are too injured to fight recklessly!
The iguana bites you.
* * * LOW HITPOINT WARNING * * *
You see here an adder corpse.
The iguana attacks as you move away! The iguana bites you.
* * * LOW HITPOINT WARNING * * *
Casting: Scorch (safe; 7% risk of failure)
Press: ? - help, Q - select action Dir - look around, f - activate Flames lash the iguana.
The iguana is moderately wounded.
The iguana's fire resistance burns away.
With a burst of heat and light, you rocket upward!
Found 6 stones and a scroll labelled QEDUL OHEAZXI.
Found a stone staircase leading down and a stone staircase leading up.
There is a shaft here.
There is a stone staircase leading up here.
You climb upwards.
The ogre shouts!
You hear an angry hiss.
There is a stone staircase leading down here.
You climb downwards.
There is a stone staircase leading up here.
You start resting.
Magic restored.
You start resting.
HP restored.
You climb upwards.
The adder bites you.
You are poisoned.
The adder poisons you!
The ogre hits you with a +0 giant spiked club!!
Ouch! That really hurt!
The adder bites you but does no damage.
There is a stone staircase leading down, spattered with blood here.
Okay, then.
Activating: Foxfire Swarm
Press: ? - help, Dir - look around, f - activate Flames leap up around you!
You feel sick. The adder bites you but does no damage.
The ogre hits you with a +0 giant spiked club!
You die...

### ..
########v###
.....vvvvv.#.#
.....vO@vv..#
.....vvvSv.##
.#...vvvv###
#.#...#.. #
#... .## ....
.# .##.# .# #.
.. .#


You could see an ogre (ally target) and an adder (ally target).

Vanquished Creatures
  A phantom (D:6)
  A hound (D:6)
  An adder (D:6)
  A dart slug (D:1)
  2 orcs (D:6)
  2 ball pythons
  5 bats
  2 endoplasms
  2 giant cockroaches (D:2)
  4 goblins
  8 hobgoblins
  3 kobolds
  2 quokkas
  4 frilled lizards
  4 rats
42 creatures vanquished.

Vanquished Creatures (others)
  2 fungi (D:1)
2 creatures vanquished.

Grand Total: 44 creatures vanquished

Notes
Turn   | Place    | Note
-------+----------+-------------------------------------------
     0 | D:1      | qeuew the Draconian Cinder Acolyte began the quest for the
                  | Orb.
     0 | D:1      | Reached XP level 1. HP: 19/19 MP: 2/2
    91 | D:1      | Found Taelaluk's Assorted Antiques.
   182 | D:1      | Found a faded altar of an unknown god.
   324 | D:1      | Reached XP level 2. HP: 25/26 MP: 3/3
   849 | D:1      | Gained mutation: You have a beak for a mouth. [potion of
                  | mutation]
   849 | D:1      | Gained mutation: You have a pair of small horns on your
                  | head. [potion of mutation]
   853 | D:1      | Learned a level 2 spell: Scorch
  1226 | D:2      | Reached XP level 3. HP: 33/33 MP: 2/5
  1920 | D:2      | Identified the ring of Lakosate {rF+ rC+ Str+6 Dex-4 SInv}
  2270 | D:3      | You fall into a shaft and drop 3 floors!
  2276 | D:6      | Found a basalt altar of Yredelemnul.
  2276 | D:6      | Noticed a kobold brigand
  2276 | D:6      | Noticed a steam dragon
  2295 | D:6      | Noticed a phantom
  2331 | D:6      | Killed a phantom
  2332 | D:6      | Reached XP level 4. HP: 12/40 MP: 1/8
  2555 | D:6      | Found an ancient bone altar of Kikubaaqudgha.
  2575 | D:6      | Reached XP level 5. HP: 33/46 MP: 9/9
  2582 | D:5      | Entered Level 5 of the Dungeon
  2587 | D:4      | Noticed an ogre
  2839 | D:4      | Slain by an ogre

Illustrated notes

Levels and vault maps discovered:
D:1:      heliophobic_arrival_dark_side_of_the_moon, layout_loops_ring,
          serial_shops, shop, shapermc_ecumenical_altar_mp_urbaneastern
D:2:      layout_basic
D:3:      layout_basic, serial_bayou_pond_d
D:4:      minmay_goblin_kobold_castle, layout_loops_cross, grunt_qazlal_clouds,
          minmay_misc_feat_rugged, chequers_serial_rivers_micro_c,
          item_on_display_a, uniq_sigmund, uniq_natasha
D:5:      layout_cave_pods, nicolae_tso_besieged_by_evil,
          mainiacjoe_overflow_tiny_flanked
D:6:      layout_loops_ring, lemuel_tele_altar, old_standard_altar,
          temple_green, grunt_ministairs_9

Skill      XL: |  1  2  3  4 |
---------------+-------------+-----
Spellcasting   | 2 3 |  3.1
Fighting       | |  3.7
Axes           | |  3.5
Dodging        | |  0.6
Stealth        | |  0.5
Fire Magic     | |  3.8

Action                   |  1- 3 |  4- 6 || total
-------------------------+-------+-------++-------
Melee: Hand axe          |    81 |    15 ||    96
       Tailslap          |     3 |       ||     3
       Peck              |     4 |     1 ||     5
       Headbutt          |     4 |       ||     4
       Punch             |     1 |       ||     1
 Cast: Scorch            |    19 |     1 ||    20
Invok: Foxfire Swarm     |       |     1 ||     1
       Rising Flame      |       |     1 ||     1
  Use: Potion            |     7 |       ||     7
       Scroll            |     5 |       ||     5
Armor: Skin              |    31 |    12 ||    43
Dodge: Dodged            |    55 |     9 ||    64
